 Dungeon Crawl Stone Soup version 0.30-a0-187-gd9c2deaf24 (webtiles) character file.

Game seed: 6092459476536441999

9983 pokeman the Eclecticist (level 11, -2/60 HPs)
             Began as a Deep Elf Hedge Wizard on Oct 3, 2022.
             Was a Follower of Vehumet.
             Slain by a cane toad simulacrum (12 damage)
             ... in an ice cave.
             The game lasted 00:32:24 (11488 turns).

pokeman the Eclecticist (Deep Elf Hedge Wizard)    Turns: 11488, Time: 00:32:25

Health: -2/60      AC: 10    Str:  4    XL:     11   Next: 30%
Magic:  4/32       EV: 18    Int: 24    God:    Vehumet [*.....]
Gold:   733        SH:  0    Dex: 14    Spells: 17/40 levels left

rFire   . . .      SeeInvis .    G - +6 glaive of Equivalence {speed, Drain rN+++ rCorr Str-3}
rCold   . . .      Faith    .    (shield currently unavailable)
rNeg    + + +      Spirit   .    z - +5 robe of Misfortune {Harm *Corrode *Slow EV+5}
rPois   .          Reflect  .    e - +1 hat
rElec   .          Harm     +    D - +0 cloak
rCorr   +          Rampage  .    (no gloves)
Will    +....                    E - +0 pair of boots
Stlth   ++........               (no amulet)
HPRegen 0.30/turn                l - ring of wizardry
MPRegen 0.23/turn                t - ring of resist corrosion

@: no status effects
A: no striking features
a: Renounce Religion


You were in an ice cave.
You worshipped Vehumet.
Vehumet was aware of your devotion.
You visited 2 branches of the dungeon, and saw 12 of its levels.
You also visited: Bailey and Ice Cave.

You collected 733 gold pieces.

Inventory:

Hand Weapons
 y - a +0 shortbow
 G - the +6 glaive of Equivalence (weapon) {speed, Drain rN+++ rCorr Str-3}
   (You found it in a bailey)

   Attacks with this weapon are significantly faster.
   Str:       It affects your strength (-3).
   rN:        It renders you almost immune to negative energy.
   rCorr:     It protects you from acid and corrosion.
   Drain:     It drains your maximum health when unequipped.
Missiles
 q - 2 throwing nets
Armour
 e - a +1 hat (worn)
 v - a +2 kite shield
 z - the +5 robe of Misfortune (worn) {Harm *Corrode *Slow EV+5}
   (You took it off a gnoll on level 5 of the Dungeon)

   EV:        It affects your evasion (+5).
   *Corrode:  It may corrode you when you take damage.
   *Slow:     It may slow you when you take damage.
   Harm:      It increases damage dealt and taken.
 D - a +0 cloak (worn)
 E - a +0 pair of boots (worn)
Jewellery
 l - a ring of wizardry (left hand)
 t - a ring of resist corrosion (right hand)
 H - a +6 ring of strength
 L - an amulet of faith
 N - a ring of ice
Wands
 x - a wand of roots (8)
 A - a wand of charming (9)
 C - a wand of flame (20)
 J - a wand of mindburst (4)
Scrolls
 a - 2 scrolls of amnesia {unknown}
 g - 3 scrolls of summoning {unknown}
 i - 7 scrolls of identify {unknown}
 j - 6 scrolls of teleportation {unknown}
 k - 2 scrolls of magic mapping {unknown}
 n - 4 scrolls of fog {unknown}
 s - 3 scrolls of enchant weapon {unknown}
 w - a scroll of enchant armour {unknown}
 B - a scroll of silence {unknown}
 I - a scroll of vulnerability {unknown}
 M - a scroll of fear {unknown}
Potions
 b - 3 potions of haste {unknown}
 c - a potion of heal wounds {unknown}
 d - 2 potions of magic
 f - 4 potions of attraction {unknown}
 h - a potion of flight {unknown}
 m - 4 potions of curing
 o - a potion of lignification {unknown}
 p - 2 potions of cancellation {unknown}
 r - 2 potions of berserk rage {unknown}
 u - 2 potions of might
 F - 2 potions of mutation {unknown}
 K - 2 potions of resistance {unknown}


   Skills:
 - Level 3.1 Fighting
 + Level 3.4 Armour
 - Level 4.0 Dodging
 - Level 3.0 Stealth
 - Level 4.0 Shields
 * Level 15.0 Spellcasting
 + Level 8.8 Conjurations
 - Level 1.1 Summonings
 - Level 1.1 Translocations
 + Level 6.4 Fire Magic
 - Level 1.1 Air Magic
 - Level 4.0 Earth Magic
 - Level 1.3 Poison Magic
 - Level 1.0 Evocations


You had 17 spell levels left.
You knew the following spells:

 Your Spells              Type           Power      Damage    Failure   Level
a - Magic Dart            Conj           100%       1d8       1%          1
b - Mephitic Cloud        Conj/Pois/Air  36%        N/A       1%          3
c - Call Imp              Summ           23%        N/A       1%          2
d - Blink                 Tloc           46%        N/A       1%          2
e - Foxfire               Conj/Fire      100%       2x1d9     1%          1
f - Fireball              Conj/Fire      26%        3d12      1%          5
g - Iron Shot             Conj/Erth      24%        9d5       13%         6
h - Swiftness             Air            23%        N/A       2%          3

Your spell library contained the following spells:

 Spells                   Type           Power      Damage    Failure   Level
 Kiss of Death            Conj/Necr      100%       2d13      1%          1
 Shock                    Conj/Air       100%       1d9       1%          1
 Slow                     Hex            72%        N/A       1%          1
 Cigotuvi's Dreadful Rot  Necr/Pois/Air  42%        N/A       1%          2
 Poisonous Vapours        Pois/Air       46%        N/A       1%          2
 Sublimation of Blood     Necr           18%        N/A       1%          2
 Wereblood                Tmut           18%        N/A       1%          2
 Ignite Poison            Fire/Tmut/Pois 30%        N/A       1%          3
 Sticky Flame             Conj/Fire      53%        2d7       1%          4
 Portal Projectile        Hex/Tloc       40%        N/A       3%          3
 Tukima's Dance           Hex            18%        N/A       4%          3
 Animate Armour           Summ/Erth      60%        N/A       4%          4
 Airstrike                Air            11%        2d(2-18)  9%          4
 Starburst                Conj/Fire      26%        6d8       9%          6
 Anguish                  Hex/Necr       9%         N/A       12%         4
 Summon Forest            Summ/Tloc      11%        N/A       22%         5
 Conjure Ball Lightning   Conj/Air       21%        3x3d6     24%         6
 Summon Mana Viper        Hex/Summ       20%        N/A       26%         5
 Blade Hands              Tmut           9%         N/A       32%         5
 Summon Cactus Giant      Summ           11%        N/A       73%         6
 Summon Hydra             Summ           11%        N/A       99%         7
 Ignition                 Fire           24%        3d8       99%         8
 Enfeeble                 Hex            9%         N/A       100%        7
 Discord                  Hex            9%         N/A       100%        8
 Disjunction              Tloc           11%        N/A       100%        8


Dungeon Overview and Level Annotations

Branches:
Dungeon (11/15)            Temple (1/1) D:5            Lair (0/5) D:9
 Bailey (visited)           IceCv (1/1)
    Orc: D:9-12

Altars:
Ashenzari
Cheibriados
Dithmenos
Elyvilon
Fedhas
Gozag
Hepliaklqana
Kikubaaqudgha
Makhleb
Nemelex Xobeh
Okawaru
Qazlal
Ru
Sif Muna
Trog
Uskayaw
Vehumet
Wu Jian
Xom
Yredelemnul
Zin
The Shining One

Annotations:
D:8 2 transporters, drugrobin's ghost, novice DgRe IceCv 1 transporter, exclusion: ice statue


Message History

The elephant simulacrum melts!
The elephant simulacrum is almost destroyed.
The cane toad simulacrum hits you but does no damage.
Your Spellcasting skill increases to level 15!
Unknown command.
Casting: Fireball (dangerous; 1% risk of failure)
Confirm with . or Enter, or press ? or * to list all spells.
You blink.
Found 117 gold pieces and a wand of roots (8).
Found a transporter.
Unknown command.
You feel stable enough to blink again.
Found a leather armour, a crooked jewelled staff and a fizzy blue potion.
Found a scroll labelled FAHYGO XUN HUL and a demon whip of freezing.
Marking area around an ice statue as unsafe for travelling.
Press: ? - help, v - describe, . - travel
Here: a dire elephant simulacrum The floor.
Unknown command.
The cane toad simulacrum misses you.
The cane toad simulacrum attacks as you move away!
The cane toad simulacrum hits you. The cane toad simulacrum freezes you!
* * * LOW HITPOINT WARNING * * *
Casting: Blink (safe; 1% risk of failure)
Confirm with . or Enter, or press ? or * to list all spells.
You blink.
The elephant simulacrum tramples you but does no damage.
The elephant simulacrum closely misses you.
The cane toad simulacrum attacks as you move away!
The cane toad simulacrum misses you.
You feel stable enough to blink again.
The cane toad simulacrum attacks as you move away!
The cane toad simulacrum misses you.
The cane toad simulacrum attacks as you move away!
The cane toad simulacrum closely misses you.
The cane toad simulacrum attacks as you move away!
The cane toad simulacrum hits you.
* * * LOW HITPOINT WARNING * * *
The cane toad simulacrum freezes you!
You die...

####...###
##........##
##..........#
##...........#8..
#.......8..$.#....
#.......ZZ$.8#...[
#∩∩......$$©©#u..|?
#.....Z...$.8#...!)
#....@..8../.#.....
##...........#8...8
##..........##8..
##........## #8
####...### #####


You could see an elephant simulacrum, a dire elephant simulacrum and a cane toad
simulacrum.

Vanquished Creatures
  A two-headed ogre (D:10)
  An orc knight (Bailey)
  A deep elf pyromancer (Bailey)
  An ugly thing (IceCv)
  A gargoyle (D:10)
  3 trolls
  2 ice devils (D:11)
  A hornet (D:9)
  Sigmund (D:4)
  A vampire (D:11)
  Eustachio (D:4)
  3 wraiths
  A wyvern (D:8)
  5 yaks (D:8)
  A death yak simulacrum (IceCv)
  5 vampire mosquitoes (D:10)
  A steam dragon (D:8)
  Duvessa (D:4)
  An acid dragon (D:10)
  2 ice beasts (D:7)
  9 orc warriors
  4 sky beasts
  4 black bears
  A centaur (D:5)
  A phantom (D:7)
  5 bullfrogs
  2 kobold brigands
  3 necrophages
  A cane toad simulacrum (IceCv)
  Dowan (D:4)
  5 howler monkeys
  A vampire bat (D:8)
  A jelly (D:3)
  2 hounds (D:5)
  3 orc priests
  A gnoll bouda (D:5)
  Jessica (D:3)
  5 iguanas
  5 orc wizards
  Terence (D:3)
  16 gnolls
  4 adders
  A shadow imp (D:6)
  A white imp (D:5)
  A worm (D:2)
  3 dart slugs
  41 orcs
  8 ball pythons
  5 endoplasms
  A giant cockroach (D:3)
  7 goblins
  7 hobgoblins
  7 jackals
  5 quokkas
  12 bats
  7 frilled lizards
  12 kobolds
  3 rats
231 creatures vanquished.

Vanquished Creatures (collateral kills)
  A worm (D:3)
  An orc (D:3)
2 creatures vanquished.

Vanquished Creatures (others)
  255 foxfires
  19 fungi (D:9)
  21 plants (D:9)
295 creatures vanquished.

Grand Total: 528 creatures vanquished

Notes
Turn   | Place    | Note
-------+----------+-------------------------------------------
     0 | D:1      | pokeman the Deep Elf Hedge Wizard began the quest for the
                  | Orb.
     0 | D:1      | Reached XP level 1. HP: 10/10 MP: 7/7
   133 | D:1      | Found a faded altar of an unknown god.
   258 | D:1      | Reached XP level 2. HP: 16/16 MP: 5/9
  1114 | D:2      | Reached skill level 5 in Spellcasting
  1114 | D:2      | Reached XP level 3. HP: 20/20 MP: 9/11
  1119 | D:2      | Learned a level 3 spell: Mephitic Cloud
  1122 | D:2      | Learned a level 2 spell: Call Imp
  1125 | D:2      | Learned a level 2 spell: Blink
  1174 | D:2      | Found a broken altar of Ashenzari.
  1562 | D:2      | Reached skill level 1 in Fighting
  2222 | D:3      | Reached skill level 1 in Armour
  2475 | D:3      | Reached XP level 4. HP: 25/25 MP: 4/13
  2770 | D:3      | Reached skill level 6 in Spellcasting
  2773 | D:3      | Reached XP level 5. HP: 18/29 MP: 9/15
  2998 | D:3      | Noticed Terence
  3012 | D:3      | Killed Terence
  3109 | D:3      | Noticed Jessica
  3123 | D:3      | Killed Jessica
  3406 | D:4      | Noticed Eustachio
  3444 | D:4      | Killed Eustachio
  3445 | D:4      | Reached skill level 7 in Spellcasting
  3445 | D:4      | Reached skill level 1 in Poison Magic
  3445 | D:4      | Reached XP level 6. HP: 26/34 MP: 13/18
  3548 | D:4      | Learned a level 6 spell: Iron Shot
  3687 | D:4      | Noticed Sigmund
  3701 | D:4      | Killed Sigmund
  3702 | D:4      | Reached skill level 1 in Air Magic
  3702 | D:4      | Reached skill level 1 in Earth Magic
  3702 | D:4      | Reached XP level 7. HP: 38/38 MP: 15/20
  3764 | D:4      | Noticed Duvessa
  3764 | D:4      | Noticed Dowan
  3787 | D:4      | Killed Duvessa
  3791 | D:4      | Killed Dowan
  3792 | D:4      | Reached skill level 8 in Spellcasting
  3978 | D:5      | Entered Level 5 of the Dungeon
  4477 | D:5      | Reached skill level 1 in Shields
  4492 | D:5      | Reached XP level 8. HP: 19/44 MP: 3/22
  4690 | D:5      | Reached skill level 9 in Spellcasting
  4903 | D:5      | Found a staircase to the Ecumenical Temple.
  4986 | D:6      | Learned a level 1 spell: Foxfire
  4992 | D:6      | Learned a level 5 spell: Fireball
  5011 | D:6      | Reached skill level 5 in Conjurations
  5500 | D:6      | Reached skill level 10 in Spellcasting
  5500 | D:6      | Reached skill level 1 in Evocations
  5852 | Temple   | Entered the Ecumenical Temple
  6692 | D:7      | Reached XP level 9. HP: 48/48 MP: 19/25
  7319 | D:8      | Found a flagged portal.
  7328 | Bailey   | Entered a bailey
  7373 | Bailey   | Reached skill level 1 in Fire Magic
  7438 | Bailey   | Reached skill level 11 in Spellcasting
  7446 | Bailey   | Noticed an orc knight
  7465 | Bailey   | Killed an orc knight
  7607 | Bailey   | Found a large runed translucent door.
  7607 | Bailey   | Found a large runed translucent door.
  7608 | Bailey   | Noticed a deep elf pyromancer
  7684 | Bailey   | Killed a deep elf pyromancer
  7685 | Bailey   | Reached skill level 12 in Spellcasting
  7815 | Bailey   | Identified the +1 plate armour of Ymuhuaje {*Corrode rElec
                  | Will+++ Stlth+}
  7816 | Bailey   | Identified the +2 scale mail "Jehac" {Int+3}
  7819 | Bailey   | Identified the +6 glaive of Equivalence {speed, Drain rN+++
                  | rCorr Str-3}
  7823 | Bailey   | Identified the +3 plate armour "Sarhieg" {+Inv rElec Slay-4
                  | SInv}
  7995 | D:8      | Noticed drugrobin's ghost (novice DgRe)
  8001 | D:8      | Noticed a gargoyle
  8029 | D:8      | Reached XP level 10. HP: 56/56 MP: 23/28
  8069 | D:8      | Found a transporter.
  8162 | D:8      | Reached skill level 13 in Spellcasting
  8530 | D:8      | Found a transporter.
  8812 | D:8      | Found a glowing silver altar of Zin.
  9179 | D:9      | Learned a level 3 spell: Swiftness
  9365 | D:9      | Reached skill level 5 in Fire Magic
  9410 | D:9      | Found a radiant altar of Vehumet.
  9415 | D:9      | Became a worshipper of Vehumet
  9960 | D:9      | Found a staircase to the Lair.
  9998 | D:9      | Found a white marble altar of Elyvilon.
 10013 | D:9      | Found a shadowy altar of Dithmenos.
 10016 | D:9      | Found an ancient bone altar of Kikubaaqudgha.
 10201 | D:10     | Entered Level 10 of the Dungeon
 10205 | D:10     | Reached skill level 14 in Spellcasting
 10629 | D:10     | Reached XP level 11. HP: 60/60 MP: 20/31
 10689 | D:10     | Noticed a two-headed ogre
 10693 | D:10     | Killed a two-headed ogre
 10693 | D:10     | Reached * piety under Vehumet
 10693 | D:10     | Offered knowledge of Kiss of Death by Vehumet.
 11411 | D:11     | Found a frozen archway.
 11462 | IceCv    | Entered an ice cave
 11462 | IceCv    | Noticed a white ugly thing
 11472 | IceCv    | Killed a white ugly thing
 11473 | IceCv    | Reached skill level 15 in Spellcasting
 11473 | IceCv    | Found a transporter.
 11476 | IceCv    | Noticed a white ugly thing
 11488 | IceCv    | Slain by a cane toad simulacrum

Illustrated notes

Levels and vault maps discovered:
D:1:      heliophobic_arrival_henge, layout_basic,
          nicolae_ecumenical_snake_handling, chequers_serial_rivers_micro_e
D:2:      layout_basic, basic_altar
D:3:      layout_loops_ring, grunt_ministairs_14, kennysheep_jessica_study,
          uniq_terence
D:4:      layout_basic, chequers_garden, uniq_eustachio, uniq_sigmund,
          uniq_duvessa
D:5:      layout_gridville, minmay_temple_entry_from_below_a
D:6:      layout_loops_ring, chequers_serial_rivers_small_a,
          hangedman_decor_growths, kennysheep_boxes
D:7:      layout_layer_cave
D:8:      layout_loops_corners, mainiacjoe_overflow_surrounded_room,
          nzn_ghost_randoct, enter_bailey_6, serial_bayou_pond_e,
          roderic_batcave, amcnicky_mini_pool_small
D:9:      layout_loops_ring, mainiacjoe_overflow_24_doors, minitemple,
          grunt_lair_entry_orc_guard_hut, grunt_ministairs_15
D:10:     layout_cave_pools
D:11:     layout_loops_ring, orc_0_dummy, portal_ice_cave_demonic_guard,
          kennysheep_flooded_box
Temple:   minmay_temple_bridge_d
IceCv:    ice_cave_statue_garden_transporter

Skill      XL: |  1  2  3  4  5  6  7  8  9 10 11 |
---------------+----------------------------------+-----
Spellcasting   | 5 6 7 8 10 12 14 15 | 15.0
Fighting       | 1 2 3 |  3.1
Conjurations   | 2 3 4 5 7 8 |  8.8
Armour         | 1 2 3 |  3.4
Stealth        | 3 |  3.0
Dodging        | 3 4 |  4.0
Poison Magic   | 1 |  1.3
Air Magic      | 1 |  1.1
Earth Magic    | 1 2 4 |  4.0
Shields        | 1 2 3 4 |  4.0
Evocations     | 1 |  1.0
Fire Magic     | 3 5 6 |  6.4
Summonings     | |  1.1
Translocations | |  1.1

Action                   |  1- 3 |  4- 6 |  7- 9 | 10-12 || total
-------------------------+-------+-------+-------+-------++-------
Melee: Dagger            |       |       |    73 |       ||    73
       Punch             |       |       |     1 |       ||     1
       Glaive            |       |       |    13 |    45 ||    58
 Fire: Sling             |    45 |   110 |    16 |       ||   171
 Cast: Magic Dart        |    93 |    40 |    69 |     4 ||   206
       Call Imp          |     3 |       |       |       ||     3
       Mephitic Cloud    |     1 |     9 |    25 |     8 ||    43
       Blink             |     1 |       |       |     2 ||     3
       Foxfire           |       |       |   119 |    21 ||   140
       Fireball          |       |       |       |    64 ||    64
 Stab: Confused          |       |       |    10 |     5 ||    15
Armor: Leather armour    |     8 |    13 |     1 |       ||    22
       Robe              |       |       |     9 |     7 ||    16
Dodge: Dodged            |    21 |    42 |    64 |    36 ||   163

Table legend: (Time is in decaauts)
 A = Elapsed time spent in this place.
 B = Non-inter-level travel time spent in this place.
 C = Inter-level travel time spent in this place.
 D = Time resting spent in this place.
 E = Time spent auto-exploring this place.
 F = Levels seen in this place.
 G = Mean time per level.
                   A        B        C        D        E       F      G
               +--------+--------+--------+--------+--------+-----+--------+
         Total |  11575 |  11179 |    396 |    509 |   8626 |  14 |  826.8 |
       Dungeon |  10774 |  10386 |    388 |    390 |   8245 |  11 |  979.5 |
        Temple |    231 |    223 |      8 |      0 |    212 |   1 |  231.0 |
        Bailey |    543 |    543 |      0 |    119 |    169 |   1 |  543.0 |
      Ice Cave |     25 |     25 |      0 |      0 |      0 |   1 |   25.0 |
               +--------+--------+--------+--------+--------+-----+--------+

Top non-repeatable levels by time:
     D:3: 1415 daAuts
     D:8: 1305 daAuts
     D:9: 1304 daAuts
     D:7: 1162 daAuts
     D:1: 1111 daAuts
     D:5: 985 daAuts
     D:6: 946 daAuts
     D:4: 771 daAuts
     D:2: 755 daAuts
    D:10: 719 daAuts
  Bailey: 543 daAuts
    D:11: 296 daAuts
  Temple: 231 daAuts
   IceCv: 25 daAuts
